 Dungeon Crawl Stone Soup version 0.25.1-2-g60ff931df9 (webtiles) character file.

Game seed: 15383572184414747072

109 DildoBatman the Conjurer (level 5, 0/35 HPs)
             Began as a Formicid Wizard on July 29, 2020.
             Slain by an orc
             ... wielding a +2 mace of draining
              (5 damage)
             ... on level 3 of the Dungeon.
             The game lasted 00:06:37 (2585 turns).

DildoBatman the Conjurer (Formicid Wizard)          Turns: 2585, Time: 00:06:37

Health: 0/35       AC:  5    Str: 12    XL:     5   Next: 13%
Magic:  2/9        EV:  7    Int: 18    God:
Gold:   149        SH:  0    Dex:  9    Spells: 3/10 levels left

rFire    . . .     SeeInvis +   a - +0 mace
rCold    . . .     Gourm    .   (no shield)
rNeg     . . .     Faith    .   e - +0 robe
rPois    .         Spirit   .   (helmet unavailable)
rElec    .         Reflect  .   r - +0 cloak
rCorr    .         Harm     .   n - +1 pair of gloves
MR       .....                  (no boots)
Stlth    +.........             m - amulet of magic regeneration
HPRegen  0.11/turn              t - -4 ring of evasion (curse)
MPRegen  0.36/turn              (no ring)

@: heavily drained
A: permanent stasis, dig shafts and tunnels, four strong arms, antennae 3
a: Dig, Shaft Self


You were on level 3 of the Dungeon.
You were not hungry.

You visited 1 branch of the dungeon, and saw 3 of its levels.

You collected 149 gold pieces.

Inventory:

Hand Weapons
 a - a +0 mace (weapon)
 b - a +0 spear
Missiles
 c - 65 stones (quivered)
 l - 15 poisoned darts
 p - 2 throwing nets
Armour
 e - a +0 robe (worn)
 n - a +1 pair of gloves (worn)
 r - a +0 cloak (worn)
Jewellery
 m - an amulet of magic regeneration (around neck)
 t - a cursed -4 ring of evasion (left hand)
Scrolls
 h - 3 scrolls of teleportation {unknown}
 i - a scroll of remove curse {unknown}
 j - 2 scrolls of enchant weapon {unknown}
 o - 2 scrolls of identify {unknown}
 q - a scroll of noise {unknown}
Potions
 d - a potion of curing {unknown}
 f - a potion of lignification {unknown}
 g - 3 potions of flight {unknown}
 k - a potion of magic {unknown}
 u - a potion of cancellation {unknown}
Comestibles
 s - 6 chunks of flesh
 v - 8 rations


   Skills:
 - Level 1.7(0.5) Dodging
 - Level 2.4(1.2) Stealth
 - Level 3.2(2.0) Spellcasting
 * Level 4.1(2.8) Conjurations
   Level 1.0(0.0) Summonings
   Level 0.8(0.0) Translocations
 * Level 0.0 Fire Magic
 * Level 0.0 Air Magic


You had 3 spell levels left.
You knew the following spells:

 Your Spells              Type           Power        Failure   Level  Hunger
a - Conjure Flame         Conj/Fire      #.......     30%         3    ###....
c - Magic Dart            Conj           ##..         5%          1    #......
e - Mephitic Cloud        Conj/Pois/Air  #.......     36%         3    ###....

Your spell library contained the following spells:

 Spells                   Type           Power        Failure   Level  Hunger
 Call Imp                 Summ           #.......     26%         2    ###....
 Slow                     Hex            #.......     26%         2    ###....
 Blink                    Tloc           Unusable     N/A         2    N/A

Dungeon Overview and Level Annotations

Branches:
Dungeon (3/15)

Altars:


Innate Abilities, Weirdness & Mutations

You cannot be hasted, slowed, berserked, paralysed or teleported.
You can dig through walls and to a lower floor.
Your four strong arms can wield two-handed weapons with a shield.
You have a pair of large antennae on your head. (SInv)


Message History

The orc is moderately wounded.
The orc closely misses you.
Casting: Magic Dart (safe; 4% risk of failure)
Confirm with . or Enter, or press ? or * to list all spells.
Aiming: Magic Dart (safe; 4% risk of failure)
Press: ? - help, Shift-Dir - straight line, f/p - orc
Aim: an orc, wielding a +2 mace of draining and wearing a cursed +0 chain mail (moderately wounded)
The magic dart hits the orc but does no damage.
The orc is moderately wounded.
The orc hits you with a +2 mace of draining.
You feel drained.
Casting: Magic Dart (safe; 5% risk of failure)
Confirm with . or Enter, or press ? or * to list all spells.
Aiming: Magic Dart (safe; 5% risk of failure)
Press: ? - help, Shift-Dir - straight line, f/p - orc
Aim: an orc, wielding a +2 mace of draining and wearing a cursed +0 chain mail (moderately wounded)
The magic dart hits the orc but does no damage.
The orc is moderately wounded.
The orc hits you with a +2 mace of draining.
You die...

.#.#####..##....
.....#.### .#.#
#..# .#..
......#)#.## .#.#
#....
....##.##.#..#.##
.#.# #..... . ..
#.#.###.# ##.#
#..####
.######.#.###.#
#.# ...
...o........#.#
#..
######.#####.#
########.##.#.##
#.@o.....#.#.##
#########.####
###


You could see an orc.

Vanquished Creatures
  A hound (D:3)
  3 adders (D:3)
  An ooze (D:3)
  A dart slug (D:1)
  3 leopard geckos (D:1)
  2 orcs (D:3)
  5 hobgoblins
  A ball python (D:1)
  10 bats
  4 frilled lizards
  6 goblins
  5 kobolds
  3 rats
45 creatures vanquished.

Notes
Turn   | Place    | Note
-------+----------+-------------------------------------------
     0 | D:1      | DildoBatman the Formicid Wizard began the quest for the
                  | Orb.
     0 | D:1      | Reached XP level 1. HP: 13/13 MP: 4/4
    15 | D:1      | Reached skill level 1 in Conjurations
   330 | D:1      | Reached XP level 2. HP: 19/19 MP: 1/6
   367 | D:1      | Reached skill level 2 in Conjurations
  1001 | D:1      | Reached XP level 3. HP: 24/24 MP: 4/7
  1006 | D:1      | Learned a level 3 spell: Conjure Flame
  1010 | D:1      | Learned a level 3 spell: Mephitic Cloud
  2098 | D:3      | Reached skill level 3 in Conjurations
  2103 | D:3      | Reached XP level 4. HP: 30/30 MP: 2/8
  2414 | D:3      | Reached skill level 4 in Conjurations
  2414 | D:3      | Reached XP level 5. HP: 35/35 MP: 5/9
  2585 | D:3      | Slain by an orc

Illustrated notes

Levels and vault maps discovered:
D:1:      moated_graveyard_arrival, layout_basic, serial_curves, eino_curves_02,
          eino_curves_02, eino_curves_03, eino_curves_01
D:2:      layout_loops_corners, serial_glass, glass_columns_b, glass_columns_a,
          first_ration
D:3:      layout_basic

Skill      XL: |  1  2  3  4 |
---------------+-------------+-----
Conjurations   | 1 2 3 4 |  4.1
Dodging        | |  1.7
Stealth        | |  2.4
Spellcasting   | |  3.2
Summonings     | |  1.0
Translocations | |  0.8

Action                   |  1- 3 |  4- 6 || total
-------------------------+-------+-------++-------
Melee: Whip              |    19 |       ||    19
       Mace              |    11 |     1 ||    12
       Spear             |       |     1 ||     1
 Cast: Magic Dart        |    83 |    49 ||   132
       Mephitic Cloud    |     1 |     2 ||     3
       Conjure Flame     |       |     1 ||     1
 Abil: Dig               |       |     4 ||     4
 Stab: Confused          |     2 |       ||     2
  Eat: Chunk             |     4 |     2 ||     6
Armor: Robe              |     8 |     5 ||    13
Dodge: Dodged            |    28 |     6 ||    34
